[Event "ROU-ch Men 2018"]
[Site "Olanesti"]
[Date "2018.05.17"]
[Round "4"]
[White "Secheres, Adrian-Simion"]
[Black "Paraschiv, Paul-Alexandru"]
[Result "1-0"]
[ECO "E32"]
[WhiteElo "2404"]
[BlackElo "2131"]
[Annotator "ChessBase"]
[PlyCount "55"]
[EventDate "2018.??.??"]
[EventType "swiss"]
[EventCountry "ROU"]
[SourceTitle "playchess.com"]
[Source "ChessBase"]
[SourceQuality "1"]
[TimeControl "40/5400+30:1800+30"]

1. d4 Nf6 2. c4 e6 3. Nc3 Bb4 4. Qc2 O-O 5. Nf3 b6 6. e4 Bxc3+ 7. bxc3 Ne8 8. Bd3 h6 9. a4 c5 10. a5 Bb7 11. O-O d6 12. Qe2 Qc8 13. d5 e5 14. Nh4 Kh7 15. f4 Qd8 16. Nf5 Nd7 17. Qh5 Ndf6 18. Qh4 Ng8 19. Qg3 g6 20. fxe5 dxe5 21. Qxe5 f6 22. Qf4 gxf5 23. Qxf5+ Kh8 24. e5 Qe7 25. e6 Nd6 26. Qh5 f5 27. Bf4 Rf6 28. a6 1-0

[Event "ROU-ch Men 2018"]
[Site "Olanesti"]
[Date "2018.05.17"]
[Round "4"]
[White "Dobre, Claudiu-Cristian"]
[Black "Morariu, Daniel"]
[Result "1-0"]
[ECO "A17"]
[WhiteElo "2393"]
[BlackElo "1656"]
[Annotator "NA"]
[PlyCount "89"]
[EventDate "2018.??.??"]
[EventType "swiss"]
[EventCountry "ROU"]
[SourceTitle "playchess.com"]
[Source "ChessBase"]
[SourceQuality "1"]
[TimeControl "40/5400+30:1800+30"]

1. c4 Nf6 2. Nc3 e6 3. Nf3 b6 4. e4 Bb7 5. Qe2 d6 {[%emt 0:13:06] LiveBook: 3 Games A17: English Opening: 1...Nf6 with ...Bb4} (5... c5 6. e5 Ng8 7. d4 cxd4 8. Nxd4 Nc6 9. Nxc6 Bxc6 10. h4 f6 11. Rh3 fxe5 12. Qh5+ g6 13. Qxe5 {1-0 (37) Hakobyan,A (2497)-Oparin,G (2622) Batumi 2018}) 6. d4 Be7 7. g3 Nbd7 $146 ({Predecessor:} 7... O-O 8. Bg2 c5 9. e5 Nfd7 10. exd6 Bxd6 11. Ne4 Be7 12. O-O Nf6 13. Nxf6+ Bxf6 14. dxc5 bxc5 {½-½ (31) Vaganian,R-Polugaevsky,L Moscow (Russia) 1974}) 8. Bh3 O-O 9. O-O Ne8 10. Ne1 e5 11. d5 Nc5 12. b4 Na6 13. Nd3 Bc8 14. Bxc8 Qxc8 15. f4 exf4 16. gxf4 f5 17. e5 dxe5 18. b5 ({Much worse is} 18. Nxe5 $6 Bxb4 19. Bb2 Nf6 $11) 18... Nc5 19. fxe5 Nxd3 20. Qxd3 g6 $16 21. Be3 Ng7 22. Ne2 g5 23. Nd4 f4 24. Bd2 Bc5 25. Kh1 Qg4 26. Rg1 Qh5 27. Rg2 g4 28. Rag1 g3 29. Bxf4 Rxf4 30. Qxg3 Rf7 31. Ne6 Bxg1 32. Nxg7 Qg6 33. Qe1 Qxg7 34. Qxg1 Raf8 35. e6 Re7 36. Rxg7+ Rxg7 37. Qe1 Kh8 38. a4 Kg8 39. a5 Re8 40. axb6 axb6 41. c5 Rg6 42. cxb6 cxb6 43. h4 h6 44. Qe4 Kh7 45. h5 1-0

[Event "ROU-ch Men 2018"]
[Site "Olanesti"]
[Date "2018.05.17"]
[Round "4"]
[White "Stoleriu, George"]
[Black "Craciun, Ovidiu"]
[Result "1-0"]
[ECO "C77"]
[WhiteElo "2333"]
[BlackElo "1931"]
[Annotator "NA"]
[PlyCount "89"]
[EventDate "2018.??.??"]
[EventType "swiss"]
[EventCountry "ROU"]
[SourceTitle "playchess.com"]
[Source "ChessBase"]
[SourceQuality "1"]
[TimeControl "40/5400+30:1800+30"]

1. e4 e5 2. Nf3 Nc6 3. Bb5 a6 4. Ba4 Nf6 5. d3 b5 6. Bb3 Bc5 7. O-O h6 8. Re1 {[%emt 0:00:41] C78: Ruy Lopez: Archangelsk and Möller Defences} O-O 9. Nbd2 d6 10. c3 Be6 (10... Ne7 11. a4 b4 12. d4 bxc3 13. bxc3 exd4 14. cxd4 Bb4 15. Re3 Ng6 16. h3 a5 {0-1 (65) Zhigalko,S (2638)-Giri,A (2762) Heraklio 2017}) 11. Nf1 Ng4 $146 ({Predecessor:} 11... Bxb3 12. axb3 d5 13. b4 Bb6 14. Qe2 Ng4 15. Ne3 Nxe3 16. Bxe3 Bxe3 17. Qxe3 {1-0 (43) Fercec,N (2450)-Licardo,R (2169) Porec 2015}) 12. d4 exd4 13. cxd4 Bxb3 14. axb3 Bb6 15. h3 Nf6 16. d5 Ne7 17. Be3 Nd7 18. Bxb6 Nxb6 19. Nd4 Qd7 20. Ne3 c5 21. dxc6 Nxc6 22. Nxc6 Qxc6 23. Nf5 Kh7 24. Qd4 f6 25. Rac1 Qb7 26. Nxd6 Rad8 27. Red1 Qb8 28. Qc5 Nc8 29. Nf5 Qf4 30. Qe3 (30. Qc6 $18) 30... Qe5 31. Qg3 Qxg3 32. Nxg3 Rxd1+ 33. Rxd1 Rf7 34. Rc1 Nb6 35. Rc6 Rb7 36. Nf5 g6 37. Nd6 ({Schlechter ist} 37. Rxf6 gxf5 38. Rxf5 Nd7 $11) 37... Rb8 38. f4 Kg8 $18 39. e5 fxe5 40. fxe5 a5 41. Ne4 Kg7 42. Rc7+ Kf8 43. Nf6 Rd8 44. e6 Nd5 45. Rf7# 1-0

[Event "ROU-ch Men 2018"]
[Site "Olanesti"]
[Date "2018.05.17"]
[Round "4"]
[White "Banzea, Alexandru-Bogdan"]
[Black "Horvat, Dan-Sebastian"]
[Result "1/2-1/2"]
[ECO "B51"]
[WhiteElo "2325"]
[BlackElo "2152"]
[Annotator "NA"]
[PlyCount "92"]
[EventDate "2018.??.??"]
[EventType "swiss"]
[EventCountry "ROU"]
[SourceTitle "playchess.com"]
[Source "ChessBase"]
[SourceQuality "1"]
[TimeControl "40/5400+30:1800+30"]

1. e4 c5 2. Nf3 d6 3. Bb5+ Nc6 4. O-O Bd7 5. Re1 Nf6 6. c3 a6 7. Bf1 e5 8. h3 Be7 9. d4 Qc7 {[%emt 0:02:36] LiveBook: 49 Games} 10. d5 {[%emt 0:03:21] B51: Sicilian: Moscow Variation (3 Bb5+) without 3...Bd7} Nd8 11. a4 b6 12. Na3 O-O 13. b4 Nb7 {[%emt 0:02:59] [#]} 14. Bb2 $146 ({Predecessor:} 14. Bd2 g6 15. b5 a5 16. Nc4 Nh5 17. Nh2 Nd8 {1-0 (80) Ye,J (2667)-Radjabov,T (2628) Bled 2002}) 14... g6 15. Nc4 b5 16. axb5 axb5 17. Na3 c4 18. Bc1 Ra6 19. Rb1 Rfa8 20. Nc2 Nd8 21. Nh2 Nh5 22. Be2 Ng7 23. Ng4 f6 (23... f5 $15 24. Nh6+ Kh8) 24. Nh6+ Kf8 25. f4 Nf7 26. Nxf7 Kxf7 27. Rf1 Kg8 28. Be3 f5 29. Bf3 fxe4 30. Bxe4 Bf5 31. Qf3 $1 Rf8 32. fxe5 dxe5 $11 33. g4 Bxe4 34. Qxe4 Ne8 35. Qg2 Nf6 36. Bh6 Rf7 37. Ne3 Bf8 38. Bxf8 Rxf8 39. Rbe1 Qd6 40. g5 Nh5 41. Rxf8+ Kxf8 42. Qf2+ Kg7 43. Ng2 Qxd5 44. Qe3 Ra2 45. Qxe5+ Qxe5 46. Rxe5 Rc2 1/2-1/2

[Event "ROU-ch Men 2018"]
[Site "Olanesti"]
[Date "2018.05.17"]
[Round "4"]
[White "Posedaru, Bogdan"]
[Black "Toma, Mihail"]
[Result "1-0"]
[ECO "A65"]
[WhiteElo "2307"]
[BlackElo "1835"]
[Annotator "NA"]
[PlyCount "65"]
[EventDate "2018.??.??"]
[EventType "swiss"]
[EventCountry "ROU"]
[SourceTitle "playchess.com"]
[Source "ChessBase"]
[SourceQuality "1"]
[TimeControl "40/5400+30:1800+30"]

1. d4 Nf6 2. c4 c5 3. d5 e6 4. Nc3 exd5 5. cxd5 d6 6. e4 g6 7. Nge2 Bg7 8. Ng3 O-O 9. Be2 b6 10. a4 {[%emt 0:01:25] A65: Modern Benoni: 6 e4} a5 $146 ({Predecessor:} 10... Ba6 11. Nb5 h5 12. f3 h4 13. Nf1 Bxb5 14. axb5 Nbd7 15. Bg5 h3 16. g4 Qe8 17. Ng3 Qe5 {½-½ (55) Adianto,U (2535)-Benjamin,J (2620) Philadelphia 1994}) 11. O-O Ba6 12. Nb5 Bxb5 13. Bxb5 Na6 14. Bg5 h6 15. Bd2 Nb4 16. Bc3 Ra7 17. Qd2 h5 18. f3 Kh7 19. b3 h4 20. Ne2 Nh5 21. g4 hxg3 22. hxg3 Bxc3 23. Qxc3 Qf6 24. Qd2 (24. Kf2 $16) 24... Rh8 25. Kg2 g5 26. Rh1 Kg6 $2 (26... Kg7 $16 {was necessary.} 27. Raf1 Qe5) 27. Rae1 (27. g4 $18) 27... Rh7 $2 (27... Rh6 $16 28. Ref1 Qe5) 28. e5 Qxe5 29. g4 $18 Nf4+ 30. Nxf4+ Qxf4 31. Bd3+ Nxd3 32. Qxd3+ f5 33. gxf5+ 1-0

[Event "ROU-ch Men 2018"]
[Site "Olanesti"]
[Date "2018.05.17"]
[Round "4"]
[White "Pisu, Robert-Daniel"]
[Black "Manea, Alexandru"]
[Result "1-0"]
[ECO "A41"]
[WhiteElo "2254"]
[BlackElo "2402"]
[Annotator "NA"]
[PlyCount "85"]
[EventDate "2018.??.??"]
[EventType "swiss"]
[EventCountry "ROU"]
[SourceTitle "playchess.com"]
[Source "ChessBase"]
[SourceQuality "1"]
[TimeControl "40/5400+30:1800+30"]

1. d4 d6 2. Nf3 Bg4 3. e4 c6 4. h3 Bh5 {[%emt 0:00:11] B12: Caro-Kann: Advance Variation} 5. Nc3 Nd7 6. Qe2 e5 7. g4 Bg6 {[%emt 0:00:06] LiveBook: 5 Games} 8. h4 (8. Bg2 Be7 9. h4 h6 10. Bd2 Ngf6 11. Bh3 Qb6 12. dxe5 dxe5 {1-0 (30) Riazantsev,A (2671)-Plat,V (2532) Tallinn 2016}) 8... h6 9. dxe5 dxe5 10. h5 Bh7 11. Nh4 $146 (11. Bd2 $16) ({Predecessor:} 11. g5 hxg5 12. Bxg5 {½-½ (38) Royer,S (2242)-Caposciutti,M (2353) Clichy 2002}) 11... Qb6 12. Bd2 Qxb2 13. Rb1 Qxc2 14. Ng2 Ngf6 15. Ne3 Qxb1+ 16. Nxb1 Bxe4 17. Bg2 $1 Bxb1 18. Bc3 Nc5 $11 19. Nc2 Bxc2 20. Qxc2 Bd6 21. Bxe5 Bxe5 22. Qxc5 O-O-O 23. O-O Bd4 24. Qf5+ Kb8 25. Rb1 Bb6 26. a4 Nd5 27. Bxd5 Rxd5 28. Qxf7 Rhd8 29. Qxg7 Rg5 30. Qxh6 Rxg4+ 31. Kf1 Rxa4 32. Qf6 Ra2 33. Rxb6 Rd1+ 34. Kg2 axb6 35. Qf8+ Ka7 36. h6 Raa1 37. h7 Rg1+ 38. Kf3 Rh1 39. h8=Q Rxh8 40. Qxh8 Ra3+ 41. Kg4 c5 42. f4 c4 43. Qd4 1-0

[Event "ROU-ch Men 2018"]
[Site "Olanesti"]
[Date "2018.05.17"]
[Round "4"]
[White "Rusan, Paul-Cristian"]
[Black "Iustin, Silviu"]
[Result "0-1"]
[ECO "A08"]
[WhiteElo "2213"]
[BlackElo "1962"]
[Annotator "NA"]
[PlyCount "120"]
[EventDate "2018.??.??"]
[EventType "swiss"]
[EventCountry "ROU"]
[SourceTitle "playchess.com"]
[Source "ChessBase"]
[SourceQuality "1"]
[TimeControl "40/5400+30:1800+30"]

1. e4 e6 2. d3 d5 3. Nd2 c5 4. Ngf3 Nc6 5. g3 Nf6 6. Bg2 Be7 7. O-O O-O 8. Re1 Qc7 9. Qe2 b5 10. e5 Nd7 11. h4 Bb7 12. c3 {[%emt 0:01:18] LiveBook: 8 Games} Rfc8 {[%emt 0:01:00] C00: French: Unusual White 2nd moves} 13. Nf1 Qd8 $146 ({Predecessor:} 13... a5 14. Bf4 h6 15. Qd2 Bf8 16. g4 d4 17. g5 hxg5 18. Nxg5 Be7 19. Ng3 Bxg5 20. hxg5 {1-0 (33) Strikovic,A (2506)-Romano,L (2052) Porto 2016}) 14. N1h2 Qf8 15. Ng4 c4 16. d4 b4 17. h5 h6 18. Bf4 Rcb8 19. Qd2 Kh7 20. Nfh2 a5 21. Bf3 a4 22. a3 bxa3 23. bxa3 Na5 ({Black should play} 23... Na7 $15) 24. Ra2 $1 Bc6 25. Bd1 Ra7 26. Bc2+ Kh8 27. Nf3 Rab7 ({Don't play} 27... Bxa3 $6 {[#]} 28. Nxh6 $1 gxh6 29. Bxh6 $11) 28. Nxh6 $1 gxh6 $16 (28... Rb2 $142 29. Rxb2 Rxb2) 29. Bxh6 Qg8 30. Bg5 Bxg5 31. Nxg5 Qg7 32. h6 Qg8 33. Qf4 Rf8 34. Re3 f6 35. exf6 Rxf6 36. Qh4 Nf8 37. Nxe6 Rxe6 38. Rxe6 Qxe6 39. Qd8 Rf7 40. Kg2 Qf6 41. Qxf6+ Rxf6 42. Bd1 Rxh6 43. Bg4 Kg7 44. Re2 Kf7 45. Re5 Nb3 46. Bh5+ Kg8 47. Rg5+ Kh8 48. Bf7 Rf6 49. Bxd5 Bxd5+ 50. Rxd5 Kg7 51. f4 Ra6 52. g4 Nd2 53. Rc5 Nb1 54. Rxc4 Nxa3 55. Rc7+ Kg8 56. Rb7 Nc4 57. Rb1 a3 58. Ra1 a2 59. f5 Nd2 60. Kg3 Nb3 0-1

[Event "ROU-ch Men 2018"]
[Site "Olanesti"]
[Date "2018.05.17"]
[Round "4"]
[White "Ciorgovean, Iustin"]
[Black "Stanciu, Alexandru-Ovidiu"]
[Result "0-1"]
[ECO "A34"]
[WhiteElo "2169"]
[BlackElo "2363"]
[Annotator "NA"]
[PlyCount "127"]
[EventDate "2018.??.??"]
[EventType "swiss"]
[EventCountry "ROU"]
[SourceTitle "playchess.com"]
[Source "ChessBase"]
[SourceQuality "1"]
[TimeControl "40/5400+30:1800+30"]

1. Nf3 c5 2. c4 Nf6 3. Nc3 d5 4. cxd5 Nxd5 5. e4 Nb4 6. Bb5+ N8c6 7. d4 cxd4 8. a3 dxc3 9. Qxd8+ $1 Kxd8 10. axb4 cxb2 (10... Nxb4 11. Ra4) 11. Bxb2 f6 {[%emt 0:00:04] LiveBook: 21 Games} 12. e5 f5 {[%emt 0:06:47] [#]} 13. Nd4 ({White should try} 13. Ng5 $1 $16 Rg8 14. Nxh7) 13... Nxe5 {[%emt 0:16:16] [#]} 14. Nxf5 $1 Nc6 15. Nxg7 ({White should try} 15. Nh6 $16 Be6 16. O-O) 15... Rg8 16. Bxc6 bxc6 $11 17. Nh5 Rxg2 18. Rd1+ Ke8 19. Ng3 Ba6 20. Bd4 Bc4 21. Bc3 a6 22. Nf5 Rg5 23. Ne3 Bb5 24. Kd2 Rd8+ 25. Kc1 Rxd1+ 26. Kxd1 e6 27. h4 Rg6 28. Kc2 h5 29. Kb3 Be7 30. Be5 Kf7 31. Bg3 c5 32. bxc5 Bxc5 33. Nc4 Kf6 34. Rc1 Rg4 35. Rc2 Re4 36. Rc1 Be7 37. Rc2 e5 38. f3 Rxc4 39. Rxc4 Bxc4+ 40. Kxc4 a5 41. Kb5 Bb4 42. Ka4 Kf5 43. Kb5 Bc3 44. Kc4 Bd2 45. Kb5 Ke6 46. Bf2 Kd5 47. Bb6 Be1 48. Bd8 Kd4 49. Bf6 Ke3 50. Bxe5 Kxf3 51. Bf6 Kf4 52. Be7 Kg3 53. Bf6 Kh3 54. Bd8 Kg4 55. Ka4 Bxh4 56. Bxa5 Bg3 57. Bd8 Bf4 58. Kb3 Bg5 59. Bc7 h4 60. Kc2 Bf4 61. Bb6 h3 62. Bg1 Kf3 63. Kd3 Kg2 64. Kd4 0-1

[Event "ROU-ch Men 2018"]
[Site "Olanesti"]
[Date "2018.05.17"]
[Round "4"]
[White "Daianu, Cristian-Clement"]
[Black "Vasiesiu, Victor"]
[Result "1-0"]
[ECO "B49"]
[WhiteElo "2150"]
[BlackElo "2327"]
[Annotator "NA"]
[PlyCount "96"]
[EventDate "2018.??.??"]
[EventType "swiss"]
[EventCountry "ROU"]
[SourceTitle "playchess.com"]
[Source "ChessBase"]
[SourceQuality "1"]
[TimeControl "40/5400+30:1800+30"]

1. e4 c5 2. Nf3 e6 3. d4 cxd4 4. Nxd4 Nc6 5. Nc3 Qc7 6. Be3 a6 7. Be2 Nf6 8. a3 Be7 9. O-O O-O 10. f4 d6 11. Kh1 Bd7 12. Qe1 {[%emt 0:02:14] LiveBook: 25 Games} Rfe8 {[%emt 0:33:19] B48: Sicilian: Taimanov: 5 Nc3 Qc7 6 Be3 a6 without Be2} (12... Rac8 13. Qg3 d5 14. e5 Nxd4 15. Bxd4 Ne4 16. Nxe4 dxe4 17. c3 b5 18. Qe3 Qb7 19. Bd1 g6 20. Bc2 {1-0 (53) Nestorovic,N (2447)-Miljkovic,M (2485) Palic 2014}) 13. Qg3 Bf8 14. Bd3 g6 15. f5 $146 ({Predecessor:} 15. Rae1 Bg7 16. Nxc6 Bxc6 17. Qh4 b5 18. Bd4 e5 19. fxe5 dxe5 20. Be3 Nh5 {0-1 (63) Nilsson,N (2218)-Palo,D (2325) Copenhagen 2001}) 15... Bg7 16. fxg6 fxg6 17. Nf3 Rac8 18. Qh4 Rf8 $14 19. Bh6 Bxh6 20. Qxh6 Ng4 21. Qh4 Nce5 22. Nxe5 Nxe5 23. Ne2 Qd8 24. Rxf8+ Qxf8 25. Ng3 Qg7 26. Rf1 Rf8 27. h3 Rxf1+ 28. Nxf1 Qf8 29. Ne3 Kg7 30. Ng4 Nxg4 31. Qxg4 Qf6 32. Qg3 e5 33. Qe3 h5 34. Kg1 g5 35. Qb6 Bc6 36. Qc7+ Kh6 37. Qc8 d5 38. exd5 Bxd5 39. Qd7 Bg8 40. Qxb7 a5 41. Qa6 Qxa6 42. Bxa6 Kg6 43. b4 axb4 44. axb4 Kf6 45. Be2 h4 46. c4 e4 47. Kf2 Ke5 48. Ke3 Bf7 {[%emt 0:00:37] Kxe4+} 1-0

[Event "ROU-ch Men 2018"]
[Site "Olanesti"]
[Date "2018.05.17"]
[Round "4"]
[White "Pribeanu, Mihail-Dacian"]
[Black "Berechet, Stefan-Mario"]
[Result "1-0"]
[ECO "B23"]
[WhiteElo "2119"]
[BlackElo "1879"]
[Annotator "NA"]
[PlyCount "109"]
[EventDate "2018.??.??"]
[EventType "swiss"]
[EventCountry "ROU"]
[SourceTitle "playchess.com"]
[Source "ChessBase"]
[SourceQuality "1"]
[TimeControl "40/5400+30:1800+30"]

1. e4 c5 2. Nc3 Nc6 3. f4 g6 4. g3 Bg7 5. Bg2 d6 6. d3 e6 7. Nf3 Nge7 8. O-O O-O 9. Be3 Nd4 10. Rb1 Nec6 11. Ne2 Nxe2+ {[%emt 0:00:53] B25: Closed Sicilian: 3 g3, lines without early Be3} (11... b6 12. c3 Nxe2+ 13. Qxe2 Ba6 14. b4 Bb7 15. Rfc1 cxb4 16. cxb4 Rc8 17. a4 Qd7 18. Qa2 Ne7 19. b5 Rxc1+ 20. Rxc1 {½-½ (66) Pallardo Lozoya,J (2360)-Pena Gomez,M (2412) Badajoz 2013}) 12. Qxe2 Qe7 13. c3 e5 14. f5 $146 ({Predecessor:} 14. h3 Be6 15. a3 h6 16. g4 exf4 17. Bxf4 Rad8 18. Rbe1 Rfe8 19. Qf2 {½-½ (43) Garcia,A-Santacruz,F San Pedro de Jujuy 1981}) 14... gxf5 15. Qd2 a5 16. Bh6 f6 17. Nh4 fxe4 18. dxe4 Be6 19. Bxg7 Kxg7 20. Rf5 Qf7 21. Rf2 Rad8 22. Rbf1 Qh5 23. Bf3 Qg5 24. Qc2 Ne7 25. Qa4 b6 26. Qb5 Rb8 27. Rd1 Rfd8 28. Rfd2 Qe3+ 29. Kg2 Bd7 ({But not} 29... Bxa2 $6 30. Rxd6 Rxd6 31. Rxd6 $18) 30. Qf1 Nc8 {[%emt 0:03:14] [#]} 31. Re2 $2 (31. Rxd6 $1 $16 Nxd6 32. Rxd6) 31... Qg5 32. Rf2 $11 Rf8 33. Be2 b5 34. Kg1 Rb6 35. Bf3 Ne7 36. Rfd2 Qe3+ 37. Kh1 Nc8 38. Bg2 Qg5 39. Bh3 Bg4 40. Bxg4 Qxg4 41. Nf5+ Kh8 42. Qg2 Rd8 43. h3 Qg8 44. Qf3 Qe6 45. Qg4 Rd7 46. h4 Qg8 47. Qf3 Qxa2 48. b4 Qc4 49. bxc5 Qxc5 50. Qh5 Rg7 51. Nxg7 Kxg7 52. Qg4+ Kh8 53. Qe6 Qxc3 54. Qxf6+ Kg8 55. Rf2 1-0

[Event "ROU-ch Men 2018"]
[Site "Olanesti"]
[Date "2018.05.17"]
[Round "4"]
[White "Chima, Radu-Niculin"]
[Black "Pop, Alexandru"]
[Result "1/2-1/2"]
[ECO "C55"]
[WhiteElo "2095"]
[BlackElo "2302"]
[Annotator "NA"]
[PlyCount "146"]
[EventDate "2018.??.??"]
[EventType "swiss"]
[EventCountry "ROU"]
[SourceTitle "playchess.com"]
[Source "ChessBase"]
[SourceQuality "1"]
[TimeControl "40/5400+30:1800+30"]

1. e4 e5 2. Nf3 Nc6 3. Bc4 Nf6 4. d3 Be7 5. O-O O-O 6. Re1 d6 7. a4 Na5 8. Ba2 {[%emt 0:00:21] C55: Two Knights: 4 d3, 4 d4 exd4 5 e5 and Max Lange Attack} c5 9. Nbd2 (9. c3 Nc6 10. Na3 a6 11. Nc2 h6 12. Ne3 Re8 13. h3 Bf8 14. Nd5 Rb8 15. Be3 Be6 {½-½ (43) Van Foreest,J (2629)-Harikrishna,P (2744) Riadh 2017}) 9... Nc6 10. Nc4 Be6 11. h3 a6 $146 ({Predecessor:} 11... h6 12. c3 Re8 13. Bb1 Bf8 14. Ne3 g6 15. d4 exd4 16. cxd4 cxd4 17. Nxd4 Nxd4 18. Qxd4 {½-½ (80) Benderac,S (2373)-Blagojevic,D (2545) Cetinje 2009}) 12. Ng5 b5 13. Nxe6 fxe6 14. Ne3 d5 15. Ng4 Qd6 16. Bg5 Rad8 17. axb5 axb5 18. Bxf6 Bxf6 19. Ne3 Bg5 20. Qg4 Bxe3 21. fxe3 Ra8 22. c3 Kh8 23. Bb3 c4 24. Bc2 d4 25. exd4 (25. Rxa8 $1 $14 {keeps the upper hand.} Rxa8 26. exd4) 25... exd4 $2 (25... Rxa1 $17 26. Rxa1 exd4) 26. e5 $15 ({Better is} 26. Rxa8 $14 Rxa8 {[#]} 27. e5 $1 ) 26... Qc5 27. Kh1 Rxa1 28. Rxa1 dxc3 29. bxc3 cxd3 30. Bxd3 Qxc3 31. Rd1 Nxe5 32. Qe4 Nxd3 33. Rxd3 Qc4 34. Rf3 Rc8 35. Qe5 Qd5 36. Qc7 Rd8 37. Rf7 h6 38. Rxg7 Qd1+ 39. Kh2 Qd6+ 40. Qxd6 Rxd6 41. Rb7 Rd5 42. Rb6 Re5 43. Rb7 Kg8 44. Kg3 h5 45. Kf4 Rf5+ 46. Ke4 h4 47. Re7 Rf2 48. Rb7 Rb2 49. Ke5 Rxg2 50. Kxe6 Rb2 51. Kf6 Rb4 52. Rb8+ Kh7 53. Rb7+ Kh6 54. Kf5 Rb1 55. Kg4 Kg6 56. Rb6+ Kf7 57. Kxh4 Ke7 58. Kg5 Kd7 59. h4 Kc7 60. Re6 Rg1+ 61. Kf6 b4 62. Re3 Rh1 63. Re4 b3 64. Rc4+ Kd6 65. Rb4 Rb1 66. h5 b2 67. h6 Rf1+ 68. Kg7 Rg1+ 69. Kf7 b1=Q 70. Rxb1 Rxb1 71. h7 Rh1 72. Kg8 Rxh7 73. Kxh7 Ke5 1/2-1/2

[Event "ROU-ch Men 2018"]
[Site "Olanesti"]
[Date "2018.05.17"]
[Round "4"]
[White "Albu, George"]
[Black "Pislariu, Stefanel-Vasilica"]
[Result "1-0"]
[ECO "D49"]
[WhiteElo "2038"]
[BlackElo "1863"]
[Annotator "NA"]
[PlyCount "71"]
[EventDate "2018.??.??"]
[EventType "swiss"]
[EventCountry "ROU"]
[SourceTitle "playchess.com"]
[Source "ChessBase"]
[SourceQuality "1"]
[TimeControl "40/5400+30:1800+30"]

1. d4 d5 2. c4 e6 3. Nc3 c6 4. e3 Nf6 5. Nf3 Nbd7 6. Bd3 dxc4 7. Bxc4 b5 8. Bd3 a6 9. e4 c5 10. e5 cxd4 11. Nxb5 axb5 12. exf6 gxf6 {[%emt 0:00:15] LiveBook: 253 Games} ({Don't go for} 12... Qxf6 $2 13. Bg5 $18) 13. Nxd4 {[%emt 0:08:01] D49: Semi-Slav: Meran System: Main line with 9 e4 c5 10 e5 cxd4 11 Nxb5} (13. O-O Qb6 14. Qe2 b4 15. Rd1 Bd6 16. Bb5 Bc5 17. Bf4 Ra5 18. Bd3 Bb7 19. Bg3 Bd6 20. Bxd6 Bxf3 21. Qxf3 Qxd6 22. Qb7 Ke7 {0-1 (35) Ftacnik,L (2545)-Navara,D (2720) Slovakia 2018}) 13... Qb6 $1 {[%emt 0:05:05] [#]} 14. Nb3 $146 ({Predecessor:} 14. Be3 Bb4+ 15. Kf1 Bc5 16. Be2 b4 17. h4 Rg8 18. g3 Bb7 19. Rh2 Ke7 20. h5 Rgd8 21. Rh4 Ne5 22. Rc1 Rac8 23. Rxc5 Rxc5 24. Qe1 Ke8 25. Rf4 Nc4 26. Bxc4 Rxc4 27. Nf3 Qa6 {0-1 (27) Malakhatko,V (2517)-Sturua,Z (2565) Batumi 2002}) 14... Bb7 15. O-O Rg8 16. g3 $1 Bd6 17. Be3 Qc7 (17... Bxg3 $1 $11 18. hxg3 Qc6) 18. Bxb5 Rd8 19. f4 $18 Bd5 20. Qe2 Ke7 21. Rad1 Ba8 22. Nd4 Kf8 23. Rc1 Nc5 24. b4 Qb7 25. bxc5 Qh1+ 26. Kf2 Qxh2+ 27. Ke1 Qxg3+ 28. Qf2 Bc7 29. Qxg3 Rxg3 30. Ke2 e5 31. fxe5 Bxe5 32. Nf5 Rh3 33. c6 Bc7 34. Bh6+ Ke8 35. Bf4 Rd5 36. Bxc7 1-0

[Event "ROU-ch Men 2018"]
[Site "Olanesti"]
[Date "2018.05.17"]
[Round "4"]
[White "Neagu, Liviu"]
[Black "Cotruta, Alexandru-Mihai"]
[Result "1-0"]
[ECO "A00"]
[WhiteElo "2025"]
[BlackElo "1776"]
[Annotator "NA"]
[PlyCount "81"]
[EventDate "2018.??.??"]
[EventType "swiss"]
[EventCountry "ROU"]
[SourceTitle "playchess.com"]
[Source "ChessBase"]
[SourceQuality "1"]
[TimeControl "40/5400+30:1800+30"]

1. b4 c6 2. Nf3 Qb6 3. a3 a5 4. bxa5 Qxa5 5. e3 e5 6. Be2 e4 7. Nd4 Nf6 8. Bb2 d5 9. O-O Bd6 10. d3 Qc7 11. h3 Nbd7 12. c4 dxc4 13. dxe4 Nxe4 14. Bxc4 Ne5 15. Be2 O-O 16. Qc2 f5 17. Nc3 Qe7 18. Nxe4 fxe4 19. Qxe4 Bd7 20. a4 Qg5 21. f4 Qg3 22. fxe5 Bxe5 23. Rf3 $18 Rxf3 24. Bxf3 Bxh3 25. Bc3 Rf8 26. Ra2 c5 27. Nb5 Qh2+ 28. Kf1 Bg3 29. Qd5+ Kh8 30. gxh3 Qh1+ 31. Ke2 Qg1 32. Kd3 Qb1+ 33. Ke2 Qg1 34. Rb2 c4 35. Nd4 Qf2+ 36. Kd1 Qxe3 37. Qxc4 Bf4 38. Bd2 Qa3 39. Rxb7 Qa1+ 40. Kc2 Be5 41. Bc3 1-0

[Event "ROU-ch Men 2018"]
[Site "Olanesti"]
[Date "2018.05.17"]
[Round "4"]
[White "Farcadi, Hunor"]
[Black "Ciobanu, Viorel-Adrian"]
[Result "1-0"]
[ECO "C47"]
[WhiteElo "1959"]
[BlackElo "2196"]
[Annotator "NA"]
[PlyCount "141"]
[EventDate "2018.??.??"]
[EventType "swiss"]
[EventCountry "ROU"]
[SourceTitle "playchess.com"]
[Source "ChessBase"]
[SourceQuality "1"]
[TimeControl "40/5400+30:1800+30"]

1. e4 e5 2. Nf3 Nc6 3. Nc3 Nf6 4. a3 d5 5. Bb5 Bg4 6. exd5 Nxd5 7. Qe2 Bxf3 8. Qxf3 Nde7 9. O-O a6 10. Bc4 f6 11. Ne4 Nc8 12. c3 Nd6 13. Nxd6+ Qxd6 14. Qh3 g6 $18 (14... h5 $16) 15. d4 f5 16. Bg5 Be7 17. dxe5 Qc5 18. Bxe7 Nxe7 19. Qd3 Rd8 20. Qe2 Nd5 21. Rad1 b5 22. Bxd5 Rxd5 23. Rxd5 Qxd5 24. e6 O-O 25. Rd1 Qc5 26. e7 Re8 27. Qe6+ Kg7 28. Rd7 Qb6 29. Qxb6 cxb6 30. Kf1 Kf7 31. Rb7 Rxe7 32. Rxb6 Rd7 33. Rxa6 Rd2 34. Ra7+ Kf6 35. b4 Rc2 36. Rxh7 Rxc3 37. Rb7 Rxa3 38. g3 f4 39. gxf4 Rf3 40. Rb6+ Kg7 41. Rxb5 Rxf4 42. Kg2 Rc4 43. Kg3 Kf6 44. Rb6+ Kf5 45. f3 Rd4 46. b5 Rb4 47. Rb8 Kg5 48. b6 Kf6 49. h4 Kg7 50. f4 Rb3+ 51. Kg4 Rb1 52. Kf3 Rb4 53. Ke3 Kh7 54. Kd3 Rxf4 55. Kc3 Rf1 56. Kc4 Rc1+ 57. Kb5 Rb1+ 58. Kc6 Rc1+ 59. Kb7 Rc4 60. Rc8 Rxh4 61. Rc5 Rb4 62. Kc7 Kh6 63. b7 Rb2 64. b8=Q Rxb8 65. Kxb8 g5 66. Kc7 Kh5 67. Kd6 Kg4 68. Ke5 Kf3 69. Rc3+ Kf2 70. Kf5 g4 71. Ke4 1-0